 Dungeon Crawl Stone Soup version 0.29.0-4-gdea44cf6ec (webtiles) character file.

Game seed: 1655902994624912106

9916 112233 the Geomancer (level 11, -14/70 HPs)
             Began as an Octopode Earth Elementalist on Aug 27, 2022.
             Was an Initiate of Gozag.
             Demolished by a gargoyle
             ... wielding a +0 mace of protection
              (17 damage)
             ... on level 12 of the Dungeon.
             The game lasted 00:17:05 (17405 turns).

112233 the Geomancer (Octopode Earth Elementalist) Turns: 17405, Time: 00:17:06

Health: -14/70     AC:  3    Str: 14    XL:     11   Next: 54%
Magic:  1/24       EV: 15    Int: 27    God:    Gozag
Gold:   398        SH:  0    Dex: 13    Spells: 13/29 levels left

rFire   . . .      SeeInvis .   d - +0 dagger
rCold   . . .      Faith    .   (no shield)
rNeg    . . .      Spirit   .   t - +0 hat
rPois   .          Reflect  .   (no amulet)
rElec   .          Harm     .   y - +6 ring of intelligence
rCorr   .          Rampage  .   L - ring of wizardry
Will    .....                   N - +6 ring of strength
Stlth   +++.......              (no ring)
HPRegen 0.21/turn               (no ring)
MPRegen 0.19/turn               (no ring)
                                (no ring)
                                (no ring)

@: on berserk cooldown, slowed, very slow
A: almost no armour, amphibious, 8 rings, camouflage 1, gelatinous body 1,
(nimble swimmer 1), tentacles, iridescent scales 1
a: Renounce Religion, Potion Petition, Call Merchant, Bribe Branch


You were on level 12 of the Dungeon.
You worshipped Gozag.
Gozag was aware of your devotion.
You visited 3 branches of the dungeon, and saw 14 of its levels.

You collected 1456 gold pieces.
You spent 322 gold pieces at shops.
You paid 736 gold pieces to Gozag.

Inventory:

Hand Weapons
 d - a +0 dagger (weapon)
 w - a +0 quarterstaff
Missiles
 g - 57 poisoned darts
 M - 4 curare-tipped darts
Armour
 t - a +0 hat (worn)
Jewellery
 y - a +6 ring of intelligence (left tentacle)
 L - a ring of wizardry (right tentacle)
 N - a +6 ring of strength (on tentacle)
Wands
 u - a wand of charming (8)
 z - a wand of flame (23)
 B - a wand of iceblast (4)
 E - a wand of polymorph (3)
Scrolls
 b - 4 scrolls of teleportation
 e - a scroll of brand weapon {unknown}
 f - a scroll of butterflies {unknown}
 i - 3 scrolls of poison
 j - a scroll of magic mapping {unknown}
 l - 2 scrolls of silence
 m - 2 scrolls of amnesia {unknown}
 o - 3 scrolls of enchant armour {unknown}
 q - 6 scrolls of vulnerability {unknown}
 v - a scroll of immolation {unknown}
 x - 3 scrolls of fear {unknown}
 A - a scroll of noise {unknown}
 F - a scroll of enchant weapon {unknown}
 G - 6 scrolls of identify
 I - a scroll of torment {unknown}
 J - a scroll of acquirement {unknown}
 K - a scroll of blinking
Potions
 a - a potion of magic
 c - 5 potions of might
 h - 3 potions of brilliance
 k - 2 potions of mutation
 n - 3 potions of resistance
 p - 2 potions of flight {unknown}
 r - a potion of curing {unknown}
 s - a potion of ambrosia
 D - a potion of cancellation {unknown}
 O - a potion of heal wounds {unknown}


   Skills:
 + Level 4.7 Fighting
 * Level 6.6 Dodging
 - Level 3.8 Stealth
 + Level 9.6 Spellcasting
 - Level 7.6 Conjurations
 + Level 2.3 Transmutations
 - Level 9.8 Earth Magic


You had 13 spell levels left.
You knew the following spells:

 Your Spells              Type           Power      Damage    Failure   Level
a - Sandblast             Erth           100%       2d20      1%          1
b - Stone Arrow           Conj/Erth      100%       3d13      1%          3
c - Passwall              Tmut/Erth      37%        N/A       1%          2
d - Iron Shot             Conj/Erth      28%        9d6       8%          6
e - Petrify               Tmut/Erth      45%        N/A       1%          4

Your spell library contained the following spells:

 Spells                   Type           Power      Damage    Failure   Level
 Wereblood                Tmut           25%        N/A       1%          2
 Scorch                   Fire           24%        2d6       2%          2
 Sublimation of Blood     Necr           12%        N/A       2%          2
 Iskenderun's Battlesphe  Conj           52%        2d10      2%          5
 Flame Wave               Conj/Fire      33%        2d10      4%          4
 Summon Guardian Golem    Hex/Summ       12%        N/A       6%          3
 Dispel Undead            Necr           12%        3d9       17%         4
 Summon Cactus Giant      Summ           6%         N/A       93%         6
 Spellforged Servitor     Conj/Summ      16%        N/A       95%         7
 Summon Hydra             Summ           6%         N/A       100%        7
 Animate Dead             Necr           Unusable   N/A       N/A         4

Dungeon Overview and Level Annotations

Branches:
Dungeon (12/15)            Temple (1/1) D:7            Lair (1/5) D:10
    Orc: D:9-12

Altars:
Cheibriados
Elyvilon
Fedhas
Gozag
Hepliaklqana
Makhleb
Nemelex Xobeh
Okawaru
Qazlal
Ru
Vehumet
Wu Jian
Xom
Yredelemnul
Zin
The Shining One

Shops:
D:7 *   D:8 :*   D:9 [*

Annotations:
D:2 1 runed translucent door, Crazy Yiuf
D:5 Pikel
D:6 1 runed translucent door, Plasmagod's ghost, novice HOMo
D:9 exclusion: downstairs
Lair:1 Joseph


Innate Abilities, Weirdness & Mutations

You cannot wear most types of armour.
You are amphibious.
You can wear up to eight rings at the same time.
Your skin changes colour to match your surroundings (Stealth+).
Your rubbery body absorbs attacks. (AC +1, EV +1)
((You are camouflaged when in or above water. (Stealth+)))
You have tentacles for arms and can constrict up to eight enemies at once.
You are partially covered in iridescent scales. (AC +2)


Message History

The gargoyle hits you but does no damage.
Unknown command.
You hit the gargoyle but do no damage.
The gargoyle is severely damaged.
The gargoyle hurls a stone arrow at you.
The stone arrow hits you but does no damage.
Unknown command.
You hit the gargoyle but do no damage.
The gargoyle is severely damaged.
Unknown command.
You hit the gargoyle but do no damage.
The gargoyle is severely damaged.
The gargoyle hits you but does no damage.
Unknown command.
You barely miss the gargoyle.
The gargoyle is severely damaged.
You feel less wooden.
Your +0 hat unmelds from your body.
The gargoyle barely misses you.
Unknown command.
Unknown command.
You are no longer berserk.
You are exhausted.
You feel yourself slow down.
There is an open door here.
Unknown command.
Okay, then.
Okay, then.
Casting: Stone Arrow (safe; 1% risk of failure)
Confirm with . or Enter, or press ? or * to list all spells.
Okay, then.
Okay, then.
Casting: Stone Arrow (safe; 1% risk of failure)
Confirm with . or Enter, or press ? or * to list all spells.
Aiming: Stone Arrow (safe; 1% risk of failure)
Press: ? - help, Shift-Dir - straight line, f/p - gargoyle
Aim: a gargoyle, wielding a +0 mace of protection (severely damaged, 89% to hit)
The stone arrow misses the gargoyle.
The gargoyle hits you with a +0 mace of protection!
You die...
Your body crumbles into a pile of gold.

####### ##########
#.....# ###.........
#.....# #.'....^....
$+.....#####.#.........
#.....'.....#.........
#.....#######.........
###'### ##@####### #..#
#9# ####'## #$# #.....#
#.$$.....# ###.....+
#....9...# ..'.....#
#.$......# .##...(.#
'........# .##.....#
#..>.....# .##.....#
#........#


You could see a gargoyle.

Vanquished Creatures
  An ugly thing (D:12)
  A manticore (D:12)
  A gargoyle (D:12)
  A troll (D:12)
  2 hornets
  Sigmund (D:8)
  3 wraiths
  A shadow (D:10)
  2 wyverns
  8 yaks
  4 vampire mosquitoes
  A basilisk (D:10)
  Grum (D:9)
  4 steam dragons
  An acid dragon (D:10)
  2 water moccasins
  A sky beast (D:7)
  3 orc warriors
  2 ice beasts
  3 black bears
  3 wolves (D:9)
  7 centaurs
  2 ogres
  3 phantoms
  3 lemures (D:5)
  5 kobold brigands
  A bullfrog (D:8)
  A gnoll sergeant (D:8)
  A scorpion (D:7)
  A necrophage (D:7)
  11 wights
  4 killer bees
  6 howler monkeys
  3 jellies
  3 hounds
  8 orc priests
  2 iguanas
  3 orc wizards
  13 gnolls
  5 adders
  A white imp (D:5)
  4 ufetubi
  A worm (D:5)
  4 dart slugs
  30 orcs
  4 endoplasms
  2 giant cockroaches
  7 goblins
  6 hobgoblins
  4 jackals (D:1)
  5 quokkas
  5 ball pythons
  2 bats
  6 frilled lizards
  33 kobolds
  7 rats
249 creatures vanquished.

Vanquished Creatures (others)
  15 plants
15 creatures vanquished.

Grand Total: 264 creatures vanquished

Notes
Turn   | Place    | Note
-------+----------+-------------------------------------------
     0 | D:1      | 112233 the Octopode Earth Elementalist began the quest for
                  | the Orb.
     0 | D:1      | Reached XP level 1. HP: 11/11 MP: 3/3
    13 | D:1      | Found a faded altar of an unknown god.
    90 | D:1      | Reached XP level 2. HP: 13/17 MP: 0/5
   509 | D:1      | Reached XP level 3. HP: 21/21 MP: 6/6
   525 | D:1      | Learned a level 3 spell: Stone Arrow
   528 | D:1      | Learned a level 2 spell: Passwall
  1203 | D:2      | Reached XP level 4. HP: 27/27 MP: 5/7
  1207 | D:2      | Reached skill level 5 in Earth Magic
  1460 | D:2      | Found a runed translucent door.
  1461 | D:2      | Noticed Crazy Yiuf
  1952 | D:3      | Gained mutation: You are partially covered in iridescent
                  | scales. (AC +2) [potion of mutation]
  1958 | D:3      | Reached XP level 5. HP: 24/31 MP: 4/8
  2127 | D:3      | Found a snail-covered altar of Cheibriados.
  2304 | D:3      | Found a burning altar of Makhleb.
  2308 | D:3      | Found a hazy altar of Hepliaklqana.
  2631 | D:4      | Noticed a black bear
  2841 | D:4      | Killed a black bear
  2842 | D:4      | Reached skill level 1 in Conjurations
  2842 | D:4      | Reached XP level 6. HP: 36/36 MP: 6/10
  3424 | D:4      | Reached XP level 7. HP: 29/41 MP: 6/12
  3695 | D:5      | Entered Level 5 of the Dungeon
  4673 | D:5      | Got the Tome of the Legion and the Undead
  4750 | D:5      | Noticed Pikel
  5074 | D:6      | Reached XP level 8. HP: 31/46 MP: 8/15
  5175 | D:5      | Reached skill level 5 in Spellcasting
  5347 | D:6      | Noticed Plasmagod's ghost (novice HOMo)
  6138 | D:6      | Found a runed translucent door.
  6214 | D:6      | You fall into a shaft and drop 1 floor!
  6214 | D:7      | Found a stormy altar of Qazlal.
  6356 | D:9      | Found Vetix's General Store.
  6392 | D:9      | Bought a scroll of identify for 26 gold pieces
  6797 | D:7      | Found a staircase to the Ecumenical Temple.
  6894 | Temple   | Entered the Ecumenical Temple
  6917 | Temple   | Became a worshipper of Gozag Ym Sagoz the Greedy
  7215 | D:7      | Reached XP level 9. HP: 51/51 MP: 14/19
  7490 | D:6      | Reached skill level 5 in Conjurations
  8662 | D:6      | Found a blossoming altar of Fedhas.
  9234 | D:7      | Found Gavib's General Store.
  9242 | D:7      | Bought a wand of iceblast (7) for 218 gold pieces
 10200 | D:8      | Found Tawoxkot's Assorted Antiques.
 10204 | D:8      | Bought a scroll labelled DOITWICHOU for 39 gold pieces
 10204 | D:8      | Bought a scroll labelled PUUNUE WUEKEA for 39 gold pieces
 10256 | D:8      | Learned a level 6 spell: Iron Shot
 10272 | D:8      | Reached XP level 10. HP: 56/56 MP: 18/22
 10508 | D:8      | Reached skill level 1 in Fighting
 10828 | D:8      | Found Oxuhecza's Tremendous Tomes.
 10854 | D:8      | Noticed Sigmund
 10861 | D:8      | Killed Sigmund
 11109 | D:9      | Found Lobrofeh's Antique Armour Emporium.
 11664 | D:8      | Learned a level 4 spell: Petrify
 12389 | D:9      | Found a radiant altar of Vehumet.
 12697 | D:9      | Noticed Grum
 12706 | D:9      | Killed Grum
 13557 | D:10     | Entered Level 10 of the Dungeon
 14741 | D:9      | Reached skill level 5 in Dodging
 14741 | D:9      | Reached XP level 11. HP: 67/67 MP: 17/24
 15209 | D:10     | Found a staircase to the Lair.
 15897 | Lair:1   | Entered Level 1 of the Lair of Beasts
 15898 | Lair:1   | Noticed Joseph
 16963 | D:11     | Noticed a cyclops
 17216 | D:12     | Noticed a manticore
 17221 | D:12     | Killed a manticore
 17363 | D:12     | Noticed a red ugly thing
 17368 | D:12     | Killed a red ugly thing
 17397 | D:12     | HP: 5/157 [gargoyle/stone arrow (10)]
 17405 | D:12     | Demolished by a gargoyle

Illustrated notes

Levels and vault maps discovered:
D:1:      saegor_arrival_simple_b, layout_basic,
          chequers_ecumenical_altar_simple
D:2:      layout_basic, uniq_crazy_yiuf_cottage
D:3:      layout_rooms, minmay_overflow_temple_star_quad
D:4:      layout_loops_ring
D:5:      layout_loops_corners, uniq_pikel
D:6:      layout_loops_ring, fedhas_altar_decomposition,
          hellmonk_ghost_happy_afterlife, hangedman_abyss_or_decor_stabs
D:7:      layout_gridville, nicolae_qazlal_general_emergency,
          minmay_temple_entry_wispy, serial_shops, nicolae_shop_hallway_plus
D:8:      layout_basic, serial_shops, nicolae_shop_window_shopping,
          kb_lookout_dungeons_type, nicolae_shop_i_like_big_books,
          minmay_misc_feat_square, chequers_arboretum, sigmund_army
D:9:      layout_roguey, vehumet_altar_wand_db, serial_shops,
          nicolae_shop_advertising_works [nicolae_subvault_shop_adworks], shop,
          uniq_grum
D:10:     layout_loops_ring, david_lair_generic,
          nicolae_concentric_dashed_squares_wild, minmay_joined_circles
D:11:     layout_irregular_city, orc_0_dummy, serial_bayou_ford_a,
          lemuel_nasty_fountain
D:12:     layout_roguey, portal_ice_cave_entry_imps, serial_undead,
          serial_undead_f, serial_undead_c, serial_undead_b, serial_undead_f,
          uniq_nergalle
Temple:   nicolae_temple_elliptical
Lair:1:   layout_layer_cave, st_stairs_3, small_statue_intersection,
          cheibrodos_lair_lostbears, uniq_joseph

Skill      XL: |  1  2  3  4  5  6  7  8  9 10 11 |
---------------+----------------------------------+-----
Earth Magic    | 4 5 6 7 8 9 |  9.8
Conjurations   | 1 2 3 4 6 7 |  7.6
Spellcasting   | 3 4 6 8 9 |  9.6
Stealth        | 3 |  3.8
Fighting       | 3 4 |  4.7
Dodging        | 5 6 |  6.6
Transmutations | 2 |  2.3

Action                   |  1- 3 |  4- 6 |  7- 9 | 10-12 || total
-------------------------+-------+-------+-------+-------++-------
Melee: Unarmed           |     6 |       |       |       ||     6
       Constrict         |     3 |     3 |       |       ||     6
       Dagger            |     6 |     9 |     1 |    23 ||    39
       Tentacles         |       |     2 |       |       ||     2
 Cast: Sandblast         |    46 |    65 |    59 |    25 ||   195
       Stone Arrow       |       |       |    88 |   149 ||   237
       Petrify           |       |       |       |     3 ||     3
       Iron Shot         |       |       |       |     2 ||     2
Invok: Potion Petition   |       |       |       |     2 ||     2
Evoke: Wand              |       |       |       |     5 ||     5
  Use: Potion            |       |     4 |     1 |     2 ||     7
       Scroll            |       |     1 |     4 |     1 ||     6
 Stab: Sleeping          |     1 |       |       |       ||     1
Armor: Skin              |     2 |    13 |    10 |    20 ||    45
Dodge: Dodged            |    27 |    11 |    36 |    81 ||   155
